 Dungeon Crawl Stone Soup version 0.28-a0-1117-g0bdd5ba030 (webtiles) character file.

Game seed: 2452288311011566891

3344 blank1 the Fighter (level 9, -3/86 HPs)
             Began as a Minotaur Fighter on Dec 11, 2021.
             Was a Priest of Okawaru.
             Slain by a small abomination (15 damage)
             ... on level 6 of the Dungeon.
             The game lasted 00:12:48 (7308 turns).

blank1 the Fighter (Minotaur Fighter)               Turns: 7308, Time: 00:12:48

Health: -3/86      AC: 16    Str: 24    XL:     9   Next: 72%
Magic:  7/8        EV:  8    Int:  5    God:    Okawaru [***...]
Gold:   325        SH:  4    Dex: 11    Spells: 8/8 levels left

rFire   . . .      SeeInvis .   a - +0 flail
rCold   . . .      Faith    +   c - +0 buckler
rNeg    . . .      Spirit   .   s - +0 plate armour
rPois   .          Reflect  .   (helmet restricted)
rElec   .          Harm     .   f - +0 cloak
rCorr   .          Rampage  .   r - +0 pair of gloves
Will    .....                   e - +0 pair of boots
Stlth   ..........              k - amulet of faith
HPRegen 0.24/turn               (no ring)
MPRegen 0.11/turn               (no ring)

@: no status effects
A: horns 2, retaliatory headbutt
a: Renounce Religion, Heroism


You were on level 6 of the Dungeon.
You worshipped Okawaru.
Okawaru was most pleased with you.
You visited 2 branches of the dungeon, and saw 10 of its levels.

You collected 325 gold pieces.

Inventory:

Hand Weapons
 a - a +0 flail (weapon)
Armour
 c - a +0 buckler (worn)
 e - a +0 pair of boots (worn)
 f - a +0 cloak (worn)
 r - a +0 pair of gloves (worn)
 s - a +0 plate armour (worn)
Jewellery
 k - an amulet of faith (around neck)
Wands
 q - a wand of acid (6)
Scrolls
 g - a scroll of vulnerability {unknown}
 i - 2 scrolls of enchant weapon {unknown}
 l - 3 scrolls of fog {unknown}
 m - 3 scrolls of teleportation
 n - 3 scrolls of fear {unknown}
 o - a scroll of holy word {unknown}
 t - a scroll of torment {unknown}
Potions
 b - 2 potions of curing
 d - a potion of invisibility
 h - 3 potions of lignification
 j - 2 potions of mutation
 p - a potion of brilliance


   Skills:
 + Level 10.7 Fighting
 + Level 10.7 Maces & Flails
 - Level 6.0 Armour
 - Level 5.0 Dodging
 - Level 4.0 Shields
 + Level 1.2 Invocations


You had 8 spell levels left.
You didn't know any spells.
Your spell library contained the following spells:

 Spells                   Type           Power      Damage    Failure   Level
 Shock                    Conj/Air       0%         1d3       100%        1
 Static Discharge         Conj/Air       0%         N/A       100%        2
 Swiftness                Air            0%         N/A       100%        3
 Airstrike                Air            0%         N/A       100%        4
 Lightning Bolt           Conj/Air       0%         1d11      100%        5
 Maxwell's Capacitive Co  Air            0%         ∞         100%        8


Dungeon Overview and Level Annotations

Branches:
Dungeon (9/15)             Temple (1/1) D:6            Lair (0/6) D:9
    Orc: D:9-12

Altars:
Fedhas
Okawaru
Ru
Trog
Xom
Zin

Portals:
Abyss: D:6

Annotations:
D:6 1 transporter


Innate Abilities, Weirdness & Mutations

You have a pair of horns on your head.
You reflexively headbutt those who attack you in melee.


Message History

You block the small abomination's attack.
The small abomination closely misses you.
You furiously retaliate!
You headbutt the small abomination! You sock the small abomination!
You headbutt the small abomination.
The small abomination is almost destroyed.
The small abomination hits you. The small abomination hits you!
The small abomination closely misses you.
Unknown command.
You are too injured to fight recklessly!
You are too injured to fight recklessly!
Unknown command.
You are too injured to fight recklessly!
Unknown command.
You are too injured to fight recklessly!
Unknown command.
You are too injured to fight recklessly!
Unknown command.
You closely miss the small abomination.
The small abomination is almost destroyed.
The small abomination hits you.
The small abomination hits you but does no damage.
The small abomination closely misses you.
You closely miss the small abomination.
Your headbutt misses the small abomination.
The small abomination is almost destroyed.
The small abomination hits you but does no damage.
The small abomination hits you!
You barely miss the small abomination.
The small abomination is almost destroyed.
The small abomination hits you!
* * * LOW HITPOINT WARNING * * *
The small abomination hits you!
* * * LOW HITPOINT WARNING * * *
The small abomination hits you but does no damage.
You hit the small abomination but do no damage.
You headbutt the small abomination.
The small abomination is almost destroyed.
The small abomination barely misses you.
The small abomination hits you!
You die...

#.#...........©.........#
###.......###..###........#
.........##.####.##.###...#
.........#.#.##...###.#...#
........©#$#..#^.#..:.#...#
........##.#. ....#W.##...#
.......##.#.###.####.#....#
###.((.##...#.##x##.##....#
#.....##o##..#@xx##.....#
#......###..##.x[#......#
#...........####.#......#
##.........##.#..###....#
#.....##### .$.#. #....#
#....##.##..###.#.##...#####
#....#....# #.##.^.#.......#
##...####..##..##.##.......#
##......####....###......^.#


You could see 4 small abominations.

Vanquished Creatures
  Pikel (D:9)
  The ghost of KennySheep the Conjurer, a novice DECj (D:6)
  Sigmund (D:5)
  2 wyverns (D:9)
  2 steam dragons
  A water moccasin (D:7)
  An orc warrior (D:5)
  2 ice beasts
  2 sky beasts
  A necrophage (D:6)
  A centaur (D:5)
  A lemure (D:9)
  A bullfrog (D:6)
  A scorpion (D:6)
  A water moccasin skeleton (D:4)
  2 howler monkeys
  3 hounds
  A lava snake (D:9)
  4 orc priests
  5 jellies
  A centaur skeleton (D:4)
  Jessica (D:2)
  4 iguanas (D:5)
  9 orc wizards
  A killer bee zombie (D:7)
  A gnoll (D:1)
  8 adders
  A white imp (D:6)
  An adder skeleton (D:4)
  2 worms (D:2)
  A dart slug (D:5)
  16 orcs
  12 ball pythons
  5 bats
  10 endoplasms
  3 giant cockroaches
  5 goblins
  7 hobgoblins
  10 kobolds
  2 frilled lizards
  3 rats
137 creatures vanquished.

Notes
Turn   | Place    | Note
-------+----------+-------------------------------------------
     0 | D:1      | blank1 the Minotaur Fighter began the quest for the Orb.
     0 | D:1      | Reached XP level 1. HP: 19/19 MP: 0/0
    87 | D:1      | Reached XP level 2. HP: 27/27 MP: 1/1
   156 | D:1      | Reached skill level 1 in Dodging
   426 | D:1      | Reached XP level 3. HP: 33/33 MP: 2/2
  1041 | D:2      | Reached XP level 4. HP: 40/40 MP: 3/3
  1256 | D:2      | Noticed Jessica
  1274 | D:2      | Killed Jessica
  1627 | D:2      | Reached XP level 5. HP: 47/47 MP: 4/4
  1901 | D:2      | Found a faded altar of an unknown god.
  2160 | D:3      | Reached skill level 5 in Fighting
  2160 | D:3      | Reached skill level 5 in Maces & Flails
  2725 | D:4      | Reached XP level 6. HP: 56/56 MP: 5/5
  3608 | D:5      | Entered Level 5 of the Dungeon
  3699 | D:5      | Found a shimmering altar of Xom.
  4015 | D:5      | Reached skill level 5 in Armour
  4015 | D:5      | Reached XP level 7. HP: 36/63 MP: 6/6
  4178 | D:5      | Noticed Sigmund
  4197 | D:5      | Killed Sigmund
  4957 | D:5      | Reached XP level 8. HP: 73/73 MP: 7/7
  5645 | D:6      | Found a staircase to the Ecumenical Temple.
  5943 | Temple   | Entered the Ecumenical Temple
  6021 | Temple   | Became a worshipper of Warmaster Okawaru
  6295 | D:6      | Identified the +5 hunting sling "Killer Bee's Foe" {speed,
                  | Fly Stlth+}
  6314 | D:6      | Found a one-way gate to the infinite horrors of the Abyss.
  6314 | D:6      | Noticed KennySheep's ghost (novice DECj)
  6346 | D:6      | Reached skill level 10 in Fighting
  6347 | D:6      | Found a transporter.
  6359 | D:6      | Found a transporter.
  6385 | D:6      | Reached * piety under Okawaru
  6502 | D:6      | Found a glowing silver altar of Zin.
  6572 | D:6      | You fall into a shaft and drop 3 floors!
  6669 | D:9      | Reached XP level 9. HP: 67/85 MP: 8/8
  6751 | D:9      | Found a staircase to the Lair.
  6866 | D:9      | Reached ** piety under Okawaru
  6867 | D:9      | Reached skill level 10 in Maces & Flails
  6993 | D:9      | Noticed Pikel
  7010 | D:9      | Killed Pikel
  7011 | D:9      | Reached skill level 5 in Dodging
  7148 | D:7      | Reached *** piety under Okawaru
  7299 | D:6      | Killed KennySheep's ghost
  7300 | D:6      | Reached skill level 1 in Invocations
  7308 | D:6      | Slain by a small abomination

Illustrated notes

Levels and vault maps discovered:
D:1:      dpeg_arrival_three_same_balls, layout_basic,
          chequers_serial_rivers_small_a
D:2:      layout_loops_ring, shapermc_ecumenical_altar_hornbeckon,
          minmay_snake_closets, uniq_jessica
D:3:      layout_basic
D:4:      layout_basic
D:5:      layout_basic, xom_teletrap_fun, uniq_sigmund
D:6:      layout_rooms, lemuel_round_altar, minmay_temple_entry_statues,
          gammafunk_ghost_abyssal_escape
D:7:      layout_layer_cave, mainiacjoe_overflow_24_doors,
          kennysheep_little_box, old_standard_altar, hangedman_glass_garden,
          nicolae_shop_fire_sale [nicolae_sub_dead_trees]
D:8:      layout_rooms, overflow_temple_1_default
D:9:      layout_irregular_city, kennysheep_vampire_church, lair_entry_dummy,
          kennysheep_minor_cross, minmay_misc_feat_hallway, uniq_pikel,
          uniq_harold
Temple:   minmay_temple_curvy_loop

Skill      XL: |  1  2  3  4  5  6  7  8  9 |
---------------+----------------------------+-----
Dodging        | 1 2 3 5 |  5.0
Fighting       | 4 5 6 7 10 | 10.7
Armour         | 4 5 6 |  6.0
Shields        | 4 |  4.0
Maces & Flails | 3 4 5 6 7 9 10 | 10.7
Invocations    | 1 |  1.2

Action                   |  1- 3 |  4- 6 |  7- 9 || total
-------------------------+-------+-------+-------++-------
Melee: Flail             |    76 |   135 |   229 ||   440
       Headbutt          |    10 |    28 |    45 ||    83
Invok: Heroism           |       |       |     1 ||     1
  Use: Scroll            |       |     4 |     3 ||     7
       Potion            |       |       |     1 ||     1
Armor: Scale mail        |    14 |       |       ||    14
       Chain mail        |    22 |    63 |    51 ||   136
       Plate armour      |       |       |    80 ||    80
Dodge: Dodged            |    36 |    56 |    73 ||   165
Block: Buckler           |    16 |    24 |    37 ||    77

Table legend: (Time is in decaauts)
 A = Elapsed time spent in this place.
 B = Non-inter-level travel time spent in this place.
 C = Inter-level travel time spent in this place.
 D = Time resting spent in this place.
 E = Time spent auto-exploring this place.
 F = Levels seen in this place.
 G = Mean time per level.
                   A        B        C        D        E       F      G
               +--------+--------+--------+--------+--------+-----+--------+
         Total |   7352 |   7154 |    198 |   1259 |   4361 |  10 |  735.2 |
       Dungeon |   7229 |   7075 |    154 |   1259 |   4298 |   9 |  803.2 |
        Temple |    123 |     79 |     44 |      0 |     63 |   1 |  123.0 |
               +--------+--------+--------+--------+--------+-----+--------+

Top non-repeatable levels by time:
     D:5: 1768 daAuts
     D:4: 1555 daAuts
     D:2: 1255 daAuts
     D:1: 861 daAuts
     D:6: 617 daAuts
     D:3: 536 daAuts
     D:9: 496 daAuts
  Temple: 123 daAuts
     D:7: 96 daAuts
     D:8: 40 daAuts
